Map: Ever Dream LE

Players

ShoWTimE - Winner!

  • Race: Protoss Protoss
  • Spawn Location: 1:00

Spatz

  • Race: Protoss Protoss
  • League: Master
  • Spawn Location: 7:00

Event: DreamHack SC2 Masters 2020 Summer Europe

VOD

Have the link to the VOD?

Description

Time

  • Played on: June 28, 2020, 10:39 a.m.
  • Length: 6:58

All games in this series

Show
View Real Time Build Order
Export as new Build Order

ShoWTimE Protoss - Winner!

Build Orders: Phoenix Opening 

Get SALT Encoding   

  12  0:00  Probe  
  13  0:12  Probe  
  14  0:17  Pylon  
  14  0:24  Probe  
  15  0:32  Probe  
  15  0:36  Gateway  
  15  0:40  Probe  
  16  0:45  Assimilator  
  17  0:51  Probe  
  17  0:53  Assimilator  
  18  0:59  Probe  
  19  1:06  Gateway  
  19  1:07  Probe  
  19  1:17  Probe  
  20  1:23  Cybernetics Core  
  21  1:29  Probe  
  21  1:32  Pylon  
  22  1:41  Probe  
  23  1:50  Warp Gate  
  23  1:53  Probe  
  24  2:00  Stalker x2  
  28  2:05  Probe  
  29  2:11  Pylon  
  29  2:19  Pylon  
  29  2:32  Sentry x2  
  33  2:45  Nexus  
  33  2:47  Probe  
  34  3:03  Shield Battery  
  34  3:04  Probe  
  34  3:05  Stalker  
  35  3:06  Phoenix  
  35  3:12  Sentry  
  37  3:13  Probe  
  37  3:19  Pylon  
  38  3:21  Probe  
  39  3:30  Robotics Facility  
  39  3:36  Probe  
  41  3:53  Stalker x2  
  44  3:56  Shield Battery  
  44  4:08  Shield Battery  
  44  4:20  Immortal, Stalker x2  
  44  4:43  Probe x2  
  44  4:44  Stalker x2  
  50  4:48  Pylon  
  50  4:55  Probe x2  
  50  4:57  Phoenix  
  52  5:03  Observer  
  52  5:04  Shield Battery  
  53  5:07  Probe  
  53  5:10  Probe  
  53  5:11  Sentry  
  53  5:14  Gateway, Warp Prism  
  57  5:15  Gateway  
  57  5:19  Probe  
  58  5:22  Probe  
  58  5:23  Phoenix  
  61  5:30  Shield Battery  
  61  5:35  Pylon  
  61  5:38  Adept x2  
  61  5:41  Immortal, Probe  
  66  5:57  Twilight Council  
  70  6:01  Adept x2  
  70  6:04  Pylon  
  74  6:14  Stalker  
  74  6:17  Pylon  
  76  6:18  Assimilator  
  76  6:20  Assimilator  
  76  6:24  Stalker  
  78  6:29  Gateway  
  78  6:32  Gateway, Observer  
  79  6:42  Zealot x3  
  85  6:52  Pylon  
Show
View Real Time Build Order
Export as new Build Order

Spatz Protoss 

Build Orders:  

Get SALT Encoding   

  12  0:00  Probe  
  13  0:12  Probe  
  14  0:17  Pylon  
  14  0:23  Probe  
  15  0:31  Probe  
  15  0:37  Gateway  
  15  0:40  Probe  
  16  0:45  Assimilator  
  17  0:51  Probe  
  17  0:54  Assimilator  
  18  0:59  Probe  
  19  1:07  Gateway, Probe  
  19  1:18  Probe  
  20  1:24  Cybernetics Core  
  21  1:30  Probe  
  22  1:33  Pylon  
  22  1:42  Probe  
  23  1:50  Warp Gate  
  23  1:54  Probe  
  23  2:00  Stalker x2  
  28  2:06  Probe  
  29  2:12  Pylon  
  29  2:22  Robotics Facility  
  29  2:33  Stalker  
  29  2:36  Stalker  
  33  2:46  Gateway  
  31  3:06  Warp Prism  
  31  3:08  Stalker x2  
  35  3:26  Pylon  
  35  3:37  Shield Battery  
  35  3:44  Stalker  
  35  3:45  Stalker  
  39  3:53  Stalker  
  41  4:11  Stalker x2  
  41  4:33  Immortal  
  35  4:40  Adept  
  35  4:41  Adept x2  
  41  4:55  Twilight Council  
  41  5:04  Sentry  
  43  5:16  Warp Prism  
  41  5:35  Dark Shrine, Pylon  
  39  5:52  Nexus  
  35  6:04  Stalker x2  
  39  6:28  Pylon  
  39  6:47  Dark Templar x3  
Tags
 
Add a new tag
Caveats
  • Supply blocks, unpowered buildings, or Contaminate may cause inaccurate times.
  • Supply counts are checked every 10 seconds.